 Dungeon Crawl Stone Soup version 0.20-a0-1006-ge6c5631 (webtiles) character file.

7412 MTVSty1e the Fighter (level 11, -4/102 HPs)
             Began as a Hill Orc Fighter on Apr 13, 2017.
             Was a Believer of Beogh.
             Killed from afar by an electric eel (7 damage)
             ... with a bolt of electricity
             ... on level 10 of the Dungeon.
             The game lasted 00:24:45 (8579 turns).

MTVSty1e the Fighter (Hill Orc Fighter)             Turns: 8579, Time: 00:24:45

Health: -4/102     AC: 17    Str: 25    XL:     11   Next: 14%
Magic:  16/16      EV:  7    Int:  8    God:    Beogh [**....]
Gold:   442        SH: 16    Dex: 12    Spells: 10/10 levels left

rFire    x . .     SeeInvis .   a - +1 war axe
rCold    + . .     Gourm    .   c - +1 shield
rNeg     . . .     Faith    .   y - +0 plate armour
rPois    .         Spirit   .   (no helmet)
rElec    .         Reflect  +   z - +0 cloak
rCorr    .         Harm     .   j - +0 pair of gloves
MR       .....                  k - +0 pair of boots
Stlth    ..........             u - +4 amulet of reflection
Regen    0.3/turn               e - ring of stealth
MPRegen  0.2/turn               p - ring of ice

@: hasted, slow
A: agile 1, blink, strong 1
a: Blink, Smiting, Renounce Religion


You were on level 10 of the Dungeon.
You worshipped Beogh.
Beogh was pleased with you.
You were not hungry.

You visited 1 branch of the dungeon, and saw 10 of its levels.

You collected 442 gold pieces.

Inventory:

Hand Weapons
 a - a +1 war axe (weapon)
Armour
 c - a +1 shield (worn)
 j - a +0 pair of gloves (worn)
 k - a +0 pair of boots (worn)
 m - a +2 buckler
 y - a +0 plate armour (worn)
 z - a +0 cloak (worn)
Jewellery
 e - a ring of stealth (left hand)
 p - a ring of ice (right hand)
 u - a +4 amulet of reflection (around neck)
 K - an uncursed amulet of guardian spirit
Wands
 A - a wand of random effects (46/48)
 D - a wand of enslavement (7/24)
 H - a wand of polymorph (15/24)
Scrolls
 g - 2 scrolls of enchant armour
 i - a scroll of blinking
 l - 3 scrolls of teleportation
 n - a scroll of identify
 v - a scroll of fog
 w - 4 scrolls of remove curse
 E - a scroll of amnesia
 F - a scroll of recharging
 G - a scroll of enchant weapon
 L - a scroll of magic mapping
Potions
 d - a potion of brilliance
 h - 2 potions of mutation
 o - 3 potions of curing
 q - 3 potions of magic
 r - 2 potions of cancellation {unknown}
 s - a potion of degeneration {unknown}
 B - a potion of lignification
 I - a potion of invisibility {unknown}
 N - a potion of agility {unknown}
Books
 M - a book of Misfortune

   Spells                             Type                      Level
   a - Confusing Touch                Hexes                        1
   b - Confuse                        Hexes                        3
   c - Gell's Gravitas                Translocation                3
   d - Petrify                        Transmutation/Earth          4
   e - Metabolic Englaciation         Hexes/Ice                    5
   f - Yara's Violent Unravelling     Hexes/Transmutation          5
Miscellaneous
 b - a phantom mirror
Comestibles
 f - 6 bread rations
 t - 8 fruits
 x - 5 royal jellies


   Skills:
 * Level 11.4 Fighting
 + Level 9.2 Axes
 + Level 7.7 Armour
 - Level 2.3 Dodging
 + Level 7.9 Shields
 + Level 7.4 Invocations
 + Level 5.2 Evocations


You had 10 spell levels left.
You didn't know any spells.

Dungeon Overview and Level Annotations

Branches:
Dungeon (10/15)            Temple (0/1) D:7            Lair (0/6) D:9
    Orc (0/2) D:9

Altars:
Elyvilon
Fedhas
Gozag
Hepliaklqana
Kikubaaqudgha
Nemelex Xobeh
Qazlal
Uskayaw
Xom
Yredelemnul

Shops:
D:5 =


Innate Abilities, Weirdness & Mutations

You are agile. (Dex +2)
You can translocate small distances at will.
Your muscles are strong. (Str +2)


Message History

The bolt of electricity hits you!
* * * LOW HITPOINT WARNING * * *
Found 17 gold pieces.
You feel much better.
The electric eel shoots out a bolt of lightning at you!
The bolt of electricity hits you!
You feel yourself speed up.
The electric eel shoots out a bolt of lightning at you!
The bolt of electricity misses you.
The electric eel shoots out a bolt of lightning at you!
The bolt of electricity hits you!
* * * LOW HITPOINT WARNING * * *
The electric eel shoots out a bolt of lightning at you!
The bolt of electricity hits you!
* * * LOW HITPOINT WARNING * * *
You enter the shallow water.
Moving in this stuff is going to be slow.
The electric eel shoots out a bolt of lightning at you!
The bolt of electricity hits you!
You die...

# #.≈≈≈.≈.........
#.≈≈≈.≈.≈.≈≈)≈≈.≈≈.≈≈
#.≈≈≈.≈.≈.≈≈≈≈≈......
#.≈≈§.≈.≈.≈≈≈≈≈≈≈≈.≈≈
#..(....≈.≈≈≈≈≈≈≈≈.≈≈
#.≈≈≈.≈.≈.≈≈≈≈≈≈≈≈.≈≈
#.≈≈≈)≈.≈.≈W≈≈≈≈≈≈.≈≈
....................;≈
........≈.≈.≈≈@.≈≈≈≈.;≈
.###.≈;..≈.≈.≈≈≈.≈≈≈≈.≈≈
$..........≈≈.≈≈;≈...
.≈≈....≈.?≈≈.≈≈≈≈.≈.
...≈..≈≈........
..............≈.
......≈≈.≈≈≈≈.≈.
...≈≈$≈≈.≈≈≈≈.≈.


You could see a hungry ghost and 3 electric eels.

Vanquished Creatures
  3 two-headed ogres (D:8)
  An ugly thing (D:8)
  2 hippogriffs
  A slime creature (D:8)
  4 hogs (D:7)
  A human (D:7)
  2 hungry ghosts
  A warg (D:9)
  A black bear (D:7)
  2 ice beasts (D:8)
  An orc warrior (D:9)
  A sky beast (D:8)
  4 ogres
  3 phantoms
  A necrophage (D:5)
  3 centaurs
  3 bullfrogs
  A water moccasin zombie (D:5)
  A scorpion (D:8)
  5 killer bees (D:8)
  A wight (D:8)
  An electric eel (D:10)
  A quasit (D:8)
  A crimson imp (D:9)
  2 jellies
  2 bullfrog skeletons
  2 orc priests
  8 hounds
  4 iguanas
  A gnoll shaman (D:5)
  Terence (D:2)
  6 worker ants
  14 orc wizards
  2 hound zombies (D:7)
  A mummy (D:8)
  3 gnolls (D:5)
  6 adders
  6 oozes
  An adder skeleton (D:5)
  3 worms
  3 dart slugs
  2 leopard geckos
  25 orcs
  2 ball pythons (D:2)
  12 bats
  3 giant cockroaches
  6 goblins
  4 hobgoblins
  14 jackals
  9 kobolds
  4 quokkas
  6 frilled lizards
  A jackal zombie (D:5)
  2 leopard gecko skeletons (D:5)
  A leopard gecko zombie (D:8)
  7 rats
208 creatures vanquished.

Vanquished Creatures (others)
  A centaur (D:10)
  An orc priest (D:3)
  2 worker ant zombies (D:7)
  A quokka (D:3)
5 creatures vanquished.

Grand Total: 213 creatures vanquished

Notes
Turn   | Place    | Note
-------+----------+-------------------------------------------
     0 | D:1      | MTVSty1e the Hill Orc Fighter began the quest for the Orb.
     0 | D:1      | Reached XP level 1. HP: 19/19 MP: 1/1
    91 | D:1      | Reached XP level 2. HP: 20/27 MP: 2/2
   246 | D:1      | Reached skill level 4 in Fighting
   451 | D:1      | Reached XP level 3. HP: 33/33 MP: 3/3
  1094 | D:2      | Noticed Terence
  1110 | D:2      | Killed Terence
  1110 | D:2      | Reached XP level 4. HP: 34/41 MP: 4/4
  1299 | D:2      | Reached skill level 1 in Dodging
  1595 | D:3      | Reached XP level 5. HP: 47/47 MP: 5/5
  1714 | D:3      | Found a white marble altar of Elyvilon.
  2025 | D:3      | Became a worshipper of Beogh the Brigand
  2255 | D:4      | Reached skill level 5 in Fighting
  2261 | D:4      | Noticed a phantom
  2291 | D:4      | Killed a phantom
  2291 | D:4      | Reached XP level 6. HP: 32/56 MP: 6/6
  2746 | D:4      | Reached * piety under Beogh
  2907 | D:4      | Reached skill level 6 in Fighting
  2913 | D:4      | Reached XP level 7. HP: 55/63 MP: 7/7
  3248 | D:4      | Found a blossoming altar of Fedhas.
  3499 | D:5      | Entered Level 5 of the Dungeon
  3819 | D:5      | Reached skill level 5 in Shields
  3819 | D:5      | Reached skill level 1 in Invocations
  3843 | D:5      | Reached skill level 5 in Axes
  4025 | D:5      | Found Koemmisk's Jewellery Shoppe.
  4178 | D:5      | Reached XP level 8. HP: 55/70 MP: 9/9
  4186 | D:5      | Reached skill level 5 in Armour
  4432 | D:5      | Reached skill level 7 in Fighting
  4454 | D:5      | Reached ** piety under Beogh
  4801 | D:6      | Found a sparkling altar of Nemelex Xobeh.
  4801 | D:6      | Found a shimmering altar of Xom.
  4801 | D:6      | Found a stormy altar of Qazlal.
  4806 | D:6      | Found a hazy altar of Hepliaklqana.
  4814 | D:6      | Identified Sif Muna's Volume of Conjuration
  5464 | D:7      | Reached skill level 1 in Evocations
  5472 | D:7      | Found an ancient bone altar of Kikubaaqudgha.
  5551 | D:7      | Reached skill level 8 in Fighting
  5699 | D:7      | Reached XP level 9. HP: 54/81 MP: 11/11
  5720 | D:7      | Reached skill level 9 in Fighting
  6040 | D:7      | Found an opulent altar of Gozag.
  6041 | D:7      | Found a basalt altar of Yredelemnul.
  6090 | D:7      | Found a staircase to the Ecumenical Temple.
  6262 | D:8      | Noticed a two-headed ogre
  6268 | D:8      | Killed a two-headed ogre
  6268 | D:8      | Reached skill level 5 in Invocations
  6381 | D:8      | Reached XP level 10. HP: 92/92 MP: 14/14
  6493 | D:8      | Reached skill level 10 in Fighting
  6840 | D:8      | Noticed a green ugly thing
  6845 | D:8      | Killed a green ugly thing
  6871 | D:8      | Gained mutation: You do not regenerate when monsters are visible. [mutagenic meat]
  6872 | D:8      | Gained mutation: You are agile. (Dex +2) [mutagenic meat]
  6873 | D:8      | Gained mutation: You can translocate small distances at will. [mutagenic meat]
  6874 | D:8      | Gained mutation: Your body sometimes deteriorates upon taking damage. [mutagenic meat]
  6875 | D:8      | Gained mutation: You have large cloven feet. [mutagenic meat]
  6876 | D:8      | Gained mutation: Your flesh is cold resistant. (rC+) [mutagenic meat]
  6878 | D:8      | Gained mutation: Your spells are a little easier to cast, but a little less powerful. [mutagenic meat]
  6879 | D:8      | Gained mutation: You evolve. [mutagenic meat]
  6880 | D:8      | Gained mutation: You have a somewhat thin skeletal structure. (Dex +2, Stealth) [mutagenic meat]
  7260 | D:8      | Noticed a two-headed ogre
  7272 | D:8      | Killed a two-headed ogre
  7293 | D:8      | Lost mutation: You evolve. [potion of mutation]
  7293 | D:8      | Lost mutation: Your flesh is cold resistant. (rC+) [potion of mutation]
  7293 | D:8      | Lost mutation: Your body sometimes deteriorates upon taking damage. [potion of mutation]
  7293 | D:8      | Lost mutation: You do not regenerate when monsters are visible. [potion of mutation]
  7293 | D:8      | Lost mutation: Your spells are a little easier to cast, but a little less powerful. [potion of mutation]
  7293 | D:8      | Lost mutation: You have large cloven feet. [potion of mutation]
  7293 | D:8      | Lost mutation: You have a somewhat thin skeletal structure. (Dex +2, Stealth) [potion of mutation]
  7293 | D:8      | Gained mutation: Your muscles are strong. (Str +2) [potion of mutation]
  7380 | D:8      | Noticed a two-headed ogre
  7392 | D:8      | Killed a two-headed ogre
  7392 | D:8      | Reached skill level 11 in Fighting
  7634 | D:9      | Found a staircase to the Orcish Mines.
  7699 | D:9      | Reached skill level 5 in Evocations
  7699 | D:9      | Reached XP level 11. HP: 101/101 MP: 16/16
  7969 | D:9      | Found a staircase to the Lair.
  8205 | D:9      | Found a hide-covered altar of Uskayaw.
  8388 | D:10     | Entered Level 10 of the Dungeon
  8578 | D:10     | HP: 3/102 [electric eel/bolt of electricity (12)]
  8579 | D:10     | Killed from afar by an electric eel

Vault maps used:
D:1:      moated_graveyard_arrival, patterned_corridor
D:2:      grunt_ministairs_14, uniq_terence
D:3:      first_bread, grunt_ministairs_7, elyvilon_altar_4
D:4:      lemuel_doored_altar, hangedman_abyss_or_decor_jellyfish_corner,
          minmay_strange_pillars
D:5:      serial_shops, shop
D:6:      grunt_temple_overflow_open
D:7:      gammafunk_temple_overflow_pools, lemuel_temple_firewalk_a,
          basic_altar, grunt_livestock
D:8:      minmay_cornered_nines, serial_undead, serial_undead_b,
          serial_undead_b, serial_undead_e, serial_undead_b
D:9:      kennysheep_mini, lair_entry_dummy, david_orc_3, billiards_dpeg

Skill      XL: |  1  2  3  4  5  6  7  8  9 10 11 |
---------------+----------------------------------+-----
Axes           | 3 4 5 6 7 8 9 |  9.2
Fighting       | 4 5 6 8 9 11 | 11.4
Shields        | 4 5 6 7 |  7.9
Dodging        | 1 2 |  2.3
Armour         | 4 5 6 7 |  7.7
Invocations    | 2 3 5 7 |  7.4
Evocations     | 2 3 5 |  5.2

Action                   |  1- 3 |  4- 6 |  7- 9 | 10-12 || total
-------------------------+-------+-------+-------+-------++-------
Melee: War axe           |   127 |   196 |   291 |   224 ||   838
Invok: Convert to Beogh  |       |     1 |       |       ||     1
       Smiting           |       |       |     4 |     5 ||     9
 Abil: Blink             |       |       |       |     4 ||     4
  Use: Scroll            |       |     9 |     4 |     7 ||    20
       Potion            |       |       |     1 |     3 ||     4
  Eat: Chunk             |     1 |     4 |     5 |    14 ||    24
       Royal jelly       |       |     1 |       |     1 ||     2
       Meat ration       |       |       |     2 |     1 ||     3
       Bread ration      |       |       |       |     1 ||     1
Armor: Scale mail        |    61 |    83 |    13 |       ||   157
       Plate armour      |       |       |   132 |    84 ||   216
Dodge: Dodged            |    47 |    60 |    48 |    51 ||   206
Block: Shield            |    73 |   133 |   261 |   186 ||   653
       Reflection        |       |       |       |     8 ||     8
